 Dungeon Crawl Stone Soup version 0.31-a0-222-gefeffbb62a (webtiles) character file.

Game seed: 15249826314387845396

1476365 PaperRat the Purifying Spriggan (level 25, 203/203 HPs)
             Began as a Spriggan Brigand on July 5, 2023.
             Was a High Priest of Elyvilon.
             Escaped with the Orb
             ... and 3 runes on July 6, 2023!
             The game lasted 06:37:09 (86476 turns).

PaperRat the Purifying Spriggan (Spriggan Brigand) Turns: 86476, Time: 06:37:10

Health: 203/203    AC: 15    Str:  5    XL:     25   Next: 49%
Magic:  33/51      EV: 41    Int: 17    God:    Elyvilon [*****.]
Gold:   1885       SH: 10    Dex: 27    Spells: 7/40 levels left

rFire   + . .        q - +4 hand crossbow (freeze)
rCold   + . .        e - +3 buckler {rF+}
rNeg    + . .        J - +5 steam dragon scales
rPois   +            k - +2 hat {Int+3}
rElec   +            a - +2 cloak {rCorr}
rCorr   +            (gloves unavailable)
SInv    +            (boots unavailable)
Will    ++++.        P - amulet of guardian spirit
Stlth   ++           R - ring "Javvuyrch" {rElec rPois rN+ Int-4 Dex+4}
HPRegen 0.53/turn    O - ring of protection from cold
MPRegen 0.32/turn

%: guardian spirit
@: divinely vigorous, studying 3 skills, very quick
A: very small, no large weapons, unfitting armour, see invisible, speed 3, sense
surroundings 1, robust 1, weak 1
0: Orb of Zot
}: 3/15 runes: barnacled, abyssal, gossamer
a: Renounce Religion, Purification, Heal Other, Heal Self, Divine Vigour


You escaped.
You worshipped Elyvilon.
Elyvilon was extremely pleased with you.
You visited 11 branches of the dungeon, and saw 48 of its levels.
You visited the Abyss 1 time.
You also visited: Gauntlet, Ice Cave and Volcano.

You collected 7779 gold pieces.
You spent 5894 gold pieces at shops.

Inventory:

Hand Weapons
 q - a +4 hand crossbow of freezing (weapon)
Missiles
 F - 3 curare-tipped darts (quivered)
 S - 4 throwing nets {!f}
Armour
 a - a +2 cloak of preservation (worn)
 e - a +3 buckler of fire resistance (worn)
 k - a +2 hat of intelligence (worn)
 J - +5 steam dragon scales (worn)
Jewellery
 o - the ring of Interdependent Arising {rF+ Will+ Int+2 Stlth+, =R}
   (You found it in a Gauntlet)

   [ring of willpower]

   Int:       It affects your intelligence (+2).
   rF:        It protects you from fire.
   Will:      It increases your willpower.
   Stlth:     It makes you more stealthy.
 u - the ring of Ephemeral Luck {rF+ Dex+2}
   (You found it in a Gauntlet)

   [ring of protection from fire]

   Dex:       It affects your dexterity (+2).
   rF:        It protects you from fire.
 O - a ring of protection from cold (right hand)
 P - an amulet of guardian spirit (around neck)
 R - the ring "Javvuyrch" (left hand) {rElec rPois rN+ Int-4 Dex+4}
   (You bought it in a shop on level 2 of the Orcish Mines)

   [ring of positive energy]

   Int:       It affects your intelligence (-4).
   Dex:       It affects your dexterity (+4).
   rElec:     It insulates you from electricity.
   rPois:     It protects you from poison.
   rN:        It protects you from negative energy.
Wands
 b - a wand of iceblast (31)
 c - a wand of acid (2)
 d - a wand of digging (16)
 m - a wand of polymorph (22)
 n - a wand of charming (15)
 z - a wand of mindburst (34)
Scrolls
 g - 12 scrolls of teleportation {@r3}
 l - 2 scrolls of silence
 v - a scroll of enchant armour
 x - 4 scrolls of blinking {@r5}
 y - 8 scrolls of poison
 A - 2 scrolls of butterflies {@r6}
 D - 6 scrolls of fear {@r4}
 H - a scroll of revelation
 I - 8 scrolls of vulnerability
 W - 11 scrolls of fog {@r2}
 Y - 4 scrolls of immolation
Potions
 h - 6 potions of enlightenment {@q6}
 j - 6 potions of invisibility
 p - 9 potions of ambrosia
 r - 11 potions of heal wounds {@q2}
 s - 11 potions of brilliance {@q5}
 t - 17 potions of curing {@q1}
 E - 7 potions of mutation {@q7}
 G - 3 potions of magic
 K - 2 potions of lignification
 N - 4 potions of resistance
 Q - 2 potions of haste {@q4}
 U - 5 potions of cancellation
Miscellaneous
 B - a phantom mirror
 C - a tin of tremorstones (2/2)
 V - a lightning rod (4/4)
 X - a sack of spiders


   Skills:
 + Level 16.3 Fighting
 - Level 2.1 Short Blades
 - Level 18.0 Ranged Weapons
 - Level 2.0 Throwing
 - Level 20.0 Dodging
 - Level 12.0 Stealth
 - Level 6.0 Shields
 - Level 8.0 Spellcasting
 + Level 3.1 Conjurations
 - Level 20.0 Hexes
 - Level 16.0 Translocations
 + Level 13.2 Transmutations
 - Level 20.2 Invocations
 + Level 19.4 Evocations


You had 7 spell levels left.
You knew the following spells:

 Your Spells              Type           Power      Damage    Failure   Level
a - Yara's Violent Unrav  Hex/Tmut       29%        3d12      1%          5
b - Portal Projectile     Hex/Tloc       100%       N/A       1%          3
c - Inner Flame           Hex/Fire       40%        N/A       1%          3
d - Enfeeble              Hex            32%        N/A       3%          7
e - Irradiate             Conj/Tmut      17%        3d17      17%         5
g - Passwall              Tmut/Erth      24%        N/A       1%          2
i - Dispersal             Tloc           28%        N/A       3%          6
t - Blink                 Tloc           100%       N/A       1%          2

Your spell library contained the following spells:

 Spells                   Type           Power      Damage    Failure   Level
 Tukima's Dance           Hex            65%        N/A       0%          3
 Beastly Appendage        Tmut           100%       N/A       1%          1
 Sting                    Tmut/Pois      100%       1d8       1%          1
 Ensorcelled Hibernation  Hex/Ice        80%        N/A       1%          2
 Lesser Beckoning         Tloc           100%       N/A       1%          2
 Momentum Strike          Conj/Tloc      78%        3d10      1%          2
 Wereblood                Tmut           51%        N/A       1%          2
 Dazzling Flash           Conj/Hex       92%        N/A       1%          3
 Summon Guardian Golem    Hex/Summ       40%        N/A       1%          3
 Vhi's Electric Charge    Tloc/Air       68%        N/A       1%          3
 Volatile Blastmotes      Fire/Tloc      68%        2d15      1%          3
 Fulminant Prism          Conj/Hex       23%        3d12      1%          4
 Manifold Assault         Tloc           57%        N/A       1%          4
 Blade Hands              Tmut           25%        N/A       1%          5
 Anguish                  Hex/Necr       20%        N/A       2%          4
 Leda's Liquefaction      Hex/Erth       20%        N/A       2%          4
 Spider Form              Tmut/Pois      29%        N/A       3%          3
 Iskenderun's Mystic Bla  Conj/Tloc      39%        2d9       3%          4
 Magic Dart               Conj           68%        1d6       4%          1
 Searing Ray              Conj           34%        2d5       7%          2
 Metabolic Englaciation   Hex/Ice        20%        N/A       8%          5
 Ignite Poison            Fire/Tmut/Pois 21%        N/A       9%          3
 Ice Form                 Ice/Tmut       29%        N/A       11%         4
 Petrify                  Tmut/Erth      29%        N/A       11%         4
 Freeze                   Ice            24%        1d4       17%         1
 Necrotise                Necr           24%        1d5       17%         1
 Summon Small Mammal      Summ           24%        N/A       17%         1
 Call Imp                 Summ           12%        N/A       26%         2
 Poisonous Vapours        Pois/Air       12%        N/A       26%         2
 Scorch                   Fire           12%        2d5       26%         2
 Hailstorm                Conj/Ice       12%        3d5       26%         3
 Stone Arrow              Conj/Erth      24%        3d8       26%         3
 Alistair's Intoxication  Tmut/Pois      19%        N/A       30%         5
 Mephitic Cloud           Conj/Pois/Air  10%        N/A       32%         3
 Call Canine Familiar     Summ           6%         N/A       45%         3
 Frozen Ramparts          Ice            12%        1d2       45%         3
 Ozocubu's Armour         Ice            6%         N/A       45%         3
 Dragon Form              Tmut           25%        N/A       54%         7
 Flame Wave               Conj/Fire      12%        2d6       65%         4
 Sticky Flame             Conj/Fire      12%        2d4       65%         4
 Iskenderun's Battlesphe  Conj           17%        2d7       78%         5
 Olgreb's Toxic Radiance  Pois           6%         N/A       86%         4
 Summon Ice Beast         Ice/Summ       6%         N/A       86%         4
 Eringya's Noxious Bog    Tmut/Pois      14%        N/A       86%         6
 Statue Form              Tmut/Erth      19%        N/A       86%         6
 Arcjolt                  Conj/Air       6%         1d16      94%         5
 Fireball                 Conj/Fire      6%         3d5       94%         5
 Freezing Cloud           Conj/Ice/Air   5%         6-21      97%         5
 Agony                    Necr           6%         N/A       99%         5
 Borgnjor's Vile Clutch   Necr/Erth      3%         N/A       99%         5
 Conjure Ball Lightning   Conj/Air       6%         3x3d6     100%        6
 Leda's Unmaking          Conj/Erth      6%         9d2       100%        6
 Simulacrum               Ice/Necr       3%         N/A       100%        6
 Starburst                Conj/Fire      6%         6d4       100%        6
 Summon Cactus Giant      Summ           3%         N/A       100%        6
 Orb of Destruction       Conj           8%         9d6       100%        7
 Ozocubu's Refrigeration  Ice            3%         4d8       100%        7
 Spellforged Servitor     Conj/Summ      6%         N/A       100%        7
 Storm Form               Tmut/Air       14%        N/A       100%        7
 Summon Hydra             Summ           3%         N/A       100%        7
 Discord                  Hex            32%        N/A       30%         8
 Disjunction              Tloc           28%        N/A       83%         8
 Ignition                 Fire           3%         3d4       100%        8
 Maxwell's Capacitive Co  Air            3%         ∞         100%        8
 Necromutation            Tmut/Necr      14%        N/A       100%        8
 Summon Horrible Things   Summ           3%         N/A       100%        8


Dungeon Overview and Level Annotations

Branches:
Dungeon (15/15)            Temple (1/1) D:4            Lair (5/5) D:11
 Shoals (4/4) Lair:3       Spider (4/4) Lair:3        Slime (0/5) Lair:4
    Orc (2/2) D:9             Elf (3/3) Orc:2        Vaults (4/5) D:14
  Crypt (1/3) Vaults:3     Depths (4/4) D:15            Zot (5/5) Depths:4
  IceCv (visited)         Volcano (visited)         Gauntlet (visited)

Altars:
Ashenzari
Cheibriados
Dithmenos
Elyvilon
Fedhas
Gozag
Hepliaklqana
Kikubaaqudgha
Makhleb
Nemelex Xobeh
Okawaru
Qazlal
Ru
Sif Muna
Trog
Uskayaw
Vehumet
Wu Jian
Xom
Yredelemnul
Zin
The Shining One
Jiyva

Shops:
D:10 [=   D:13 [   Orc:1 (   Orc:2 =(=*   Elf:3 !   Vaults:3 *?   Vaults:4 ?
Zot:2 *   Depths:1 [

Portals:
Hell: Depths:1 Depths:2 Depths:3 Depths:4
Abyss: Depths:1 Depths:3
Pandemonium: Depths:2
Ziggurat: Depths:4

Annotations:
Elf:2 3 runed translucent doors


Innate Abilities, Weirdness & Mutations

You are very small and have problems with some larger weapons.
You are too small for most types of armour.
You have supernaturally acute eyesight. (SInv)
You cover ground extremely quickly. (Speed+++)
You passively map a small area around you.
You are robust. (+10% HP)
You are weak. (Str -2)


Message History

A Hell Sentinel comes into view.
Blink to where?
Press: ? - help, Dir - move target
As you read the scroll of blinking {@r5}, it crumbles to dust.
The Hell Sentinel moves out of view.
(D) Dungeon (T) Temple (L) Lair (A) Shoals (N) Spider Nest (M) Slime Pits (O) Orcish Mines (E) Elven Halls (V) Vaults (C) Crypt (U) Depths (H) Hell (Z) Zot
Where to? (Enter - D:1 @ (x,y), ? - help)
There is a stone staircase leading up here.
You climb upwards.
There is a stone staircase leading down here.
There is an open door here.
You see here a +0 ring mail.
There is a staircase leading out of the dungeon here.
Elyvilon grants you divine vigour.
Okay, then.
Okay, then.
Aiming: Iceblast
Press: ? - help, Shift-Dir - straight line That beam is likely to hit you.
Continue anyway?
The mass of ice explodes!
The iceblast engulfs you!! You partially resist.
You are healed.
Aiming: Iceblast
Press: ? - help, Shift-Dir - straight line That beam is likely to hit you.
Continue anyway?
The mass of ice explodes!
The iceblast engulfs you! You partially resist.
You are healed.
Aiming: Iceblast
Press: ? - help, Shift-Dir - straight line That beam is likely to hit you.
Continue anyway?
The mass of ice explodes!
The iceblast engulfs you!! You partially resist.
You are healed.
Aiming: Iceblast
Press: ? - help, Shift-Dir - straight line That beam is likely to hit you.
Continue anyway?
The mass of ice explodes!
The iceblast engulfs you! You partially resist.
You are healed.
You have escaped!

#####.####.#####.# #.# ### #.#
#.##....# #.# #.#
############.############ #.#
♣.......)...............♣ #
#.#♣♣..8..8...........8..8..♣ #
#..♣♣.......................♣ #
#.♣♣♣...÷...................♣♣♣##
..♣♣...8..8...........8..8...♣♣'.
#.♣♣............@............♣♣##
#.♣♣...8..8...........8..8...♣
#.♣♣♣...................÷...♣♣
### ♣...÷...............÷...♣
♣..8..8.....[.....8..8..♣
♣.......................♣
##############.############ #.#
#...# ######.#### #.# #..##
#.........#


There were no monsters in sight!

Vanquished Creatures
  3 dread liches
  Mara (Elf:2)
  2 orbs of fire
  5 ancient liches
  The ghost of Qemnul the Eclecticist, a veteran MfIE of Vehumet (Depths:3)
  Frederick (Vaults:3)
  A Killer Klown (Zot:5)
  Boris (thrice) (Vaults:2 Depths:2 Depths:4)
  3 curse toes
  7 golden dragons
  Jory (Vaults:2)
  A bone dragon (Vaults:3)
  Arachne (Spider:2)
  5 electric golems
  A Tzitzimitl (Depths:3)
  13 tentacled monstrosities
  Jorgrun (Spider:3)
  Asterion (Spider:2)
  Mlioglotl (Shoals:1)
  4 liches
  18 Orb Guardians (Zot:5)
  A walking divine tome (Depths:1)
  6 quicksilver dragons
  2 deep elf blademasters
  4 death cobs
  The ghost of Puodgh the Phalangite, an adept MfGl of Kikubaaqudgha (Depths:2)
  4 deep elf master archers
  Polyphemus (Shoals:3)
  3 tentacled starspawn
  3 sphinxes (Depths:1)
  7 storm dragons
  Frances (Shoals:1)
  A kraken (Shoals:4)
  4 tengu reavers (Depths:1)
  3 fire giants
  Donald (Elf:2)
  2 draconian monks
  10 shadow dragons
  4 draconian knights
  Ilsuiw (Shoals:4)
  7 frost giants
  Roxanne (Elf:1)
  6 emperor scorpions (Spider:4)
  2 deep elf sorcerers (Elf:3)
  5 spectral caustic shrikes (Depths:2)
  Louise (D:14)
  11 vault wardens
  5 ghost moths
  3 draconian scorchers
  5 draconian shifters
  4 deep elf elementalists (Elf:3)
  2 draconian stormcallers (Zot:1)
  An orc warlord (Vaults:3)
  2 formless jellyfish
  5 draconian annihilators
  7 stone giants
  9 ironbound preservers
  2 war gargoyles (Vaults:3)
  13 very ugly things
  6 ironbound thunderhulks
  3 vampire knights
  A broodmother (Spider:1)
  6 deep elf demonologists
  9 green draconians
  A lorocyproca (Depths:3)
  5 deep elf annihilators (Elf:3)
  9 black draconians
  Azrael (Elf:1)
  A minotaur (Gauntlet)
  12 red draconians
  10 white draconians
  6 yellow draconians
  9 dire elephants
  11 purple draconians
  A blizzard demon (Depths:3)
  4 merfolk javelineers (Shoals:4)
  9 ettins
  2 crystal guardians (Vaults:2)
  7 merfolk impalers
  4 deep elf death magi (Elf:3)
  2 jiangshi (Vaults:3)
  3 great orbs of eyes
  3 deep elf high priests
  5 fire dragons
  7 entropy weavers
  8 vault guards
  5 yaktaur captains
  12 rakshasas
  4 hydras (Lair:5)
  5 ice dragons
  4 ironbound frosthearts
  2 spriggan air magi
  5 merfolk aquamancers
  22 centaur warriors
  3 peacekeepers
  4 two-headed ogres
  3 boulder beetles
  20 dancing weapons
  Erica (Lair:2)
  6 catoblepae
  5 tengu warriors
  An alligator (shapeshifter) (Depths:2)
  A satyr (Shoals:4)
  4 deep troll shamans
  4 radroaches
  5 spriggan berserkers
  3 deep troll earth magi
  11 demonic crawlers
  18 death yaks
  The ghost of Chingon the Grappler, a novice TrBe of Trog (D:8)
  4 orc high priests (Orc:2)
  8 thrashing horrors (Abyss:3)
  A vampire mage (Depths:2)
  A storm dragon zombie (Depths:1)
  A hell knight (Volcano)
  A spriggan (Depths:3)
  5 deep elf knights
  A soul eater (Depths:3)
  A wretched star (Abyss:3)
  7 pharaoh ants
  3 skysharks
  A sixfirhy (Abyss:2)
  A salamander mystic (Volcano)
  32 deep trolls
  4 iron trolls
  A shadow demon (Depths:2)
  A bog body (IceCv)
  9 orb spiders
  A sun moth (Spider:4)
  10 sea snakes
  6 glowing orange brains
  A death drake (Abyss:3)
  3 flayed ghosts (Depths:2)
  9 deep elf archers
  18 ironbound convokers
  An obsidian statue (Vaults:4)
  8 harpies
  Pikel (D:4)
  A steelbarb worm (shapeshifter) (Depths:1)
  2 phantasmal warriors (Vaults:3)
  6 wizards
  4 orc knights (Vaults:3)
  20 deep elf zephyrmancers
  8 steelbarb worms
  23 deep elf pyromancers
  4 necromancers
  10 lindwurms
  5 fauns
  37 ugly things
  25 wolf spiders
  13 elephants
  23 moths of wrath
  5 cyclopes
  13 manticores
  4 salamanders (Volcano)
  3 orc sorcerers
  2 frost giant zombies (Depths:1)
  A naga mage (D:15)
  15 vault sentinels
  A fire giant skeleton (Depths:1)
  A guardian serpent (Lair:5)
  10 merfolk sirens
  8 black mambas
  2 ice statues (IceCv)
  3 centaur zombies (D:15)
  2 smoke demons
  7 water nymphs
  2 gargoyles
  3 rust devils
  3 torpor snails
  17 cane toads
  The ghost of Koushar the Changer, a novice FeTm (D:7)
  A centaur skeleton (D:15)
  3 unseen horrors (Depths:1)
  8 komodo dragons
  Psyche (D:8)
  29 yaktaurs
  2 efreet
  4 freezing wraiths
  4 ice devils
  33 merfolk
  4 anaconda simulacra (IceCv)
  An ancient zyme (Abyss:3)
  5 tengu conjurers
  A troll (D:11)
  11 polar bears
  18 blink frogs
  21 tarantellas
  4 hellwings
  7 wind drakes
  Prince Ribbit (D:6)
  3 hornets
  13 snapping turtles
  3 raiju (Lair:5)
  32 jumping spiders
  8 dream sheep
  22 slime creatures
  13 water elementals
  5 wraiths
  2 ynoxinuls (Depths:3)
  20 culicivoras
  4 shadows (Gauntlet)
  10 wyverns (Lair:5)
  A vampire (D:9)
  3 air elementals
  4 fire bats
  9 fire elementals
  2 basilisks
  3 large abominations
  A dire elephant simulacrum (IceCv)
  A human (shapeshifter) (D:15)
  54 yaks
  4 chaos spawn
  52 redbacks
  8 vampire mosquitoes
  A redback (shapeshifter) (D:14)
  3 steam dragons
  2 swamp worms (D:7)
  A naga (D:7)
  7 wargs
  2 acid dragons (D:12)
  3 harpy simulacra (IceCv)
  2 hydra simulacra (IceCv)
  27 water moccasins
  19 orc warriors
  15 hell hounds
  15 black bears
  7 ice beasts
  11 ogres
  13 wolves (Lair:5)
  19 centaurs
  A boggart (Depths:2)
  A phantom (D:7)
  A lemure (D:4)
  3 kobold brigands
  3 gnoll sergeants
  15 bullfrogs
  6 scorpions
  2 earth elementals
  8 wights (D:7)
  10 killer bees
  4 small abominations
  4 howler monkeys
  2 electric eels (D:6)
  3 crimson imps (Gauntlet)
  7 hounds
  A gnoll bouda (D:5)
  32 orc priests
  2 sleepcaps (D:6)
  3 iguanas
  An iron imp (D:3)
  Natasha (thrice) (D:4)
  27 orc wizards
  A polar bear simulacrum (IceCv)
  A troll simulacrum (IceCv)
  20 gnolls
  8 adders
  2 naga simulacra (IceCv)
  A shadow imp (D:8)
  4 white imps
  2 ufetubi
  2 worms
  5 dart slugs
  63 orcs
  7 bats
  9 endoplasms
  7 giant cockroaches
  6 goblins
  10 hobgoblins
  25 kobolds
  3 quokkas
  8 ball pythons
  5 frilled lizards
  7 rats
  A butterfly (D:6)
  2 starspawn tentacles (Abyss:3)
1862 creatures vanquished.

Vanquished Creatures (collateral kills)
  An orb of fire (Zot:2)
  A juggernaut (D:15)
  Gastronok (D:11)
  A draconian knight (Zot:5)
  A green draconian (Zot:5)
  2 red draconians
  A yellow draconian (Zot:5)
  A deep elf annihilator (Elf:3)
  A deep elf death mage (Elf:3)
  A fire dragon (Depths:1)
  A salamander (Volcano)
  4 yaktaurs (Vaults:2)
  A slime creature (Vaults:2)
  A neqoxec (Depths:3)
  A gnoll bouda (D:7)
  3 gnolls (D:7)
22 creatures vanquished.

Vanquished Creatures (others)
  3 caustic shrikes (Depths:4)
  An Orb Guardian (Zot:5)
  A death cob (Zot:1)
  A shadow dragon (Zot:2)
  2 storm dragons
  A draconian knight (Zot:2)
  An iron dragon (Depths:1)
  A draconian stormcaller (Zot:1)
  A black draconian (Zot:1)
  A hydra (Lair:4)
  A wizard (Vaults:2)
  A steelbarb worm (Spider:3)
  A deep elf zephyrmancer (Elf:1)
  2 moths of wrath
  Maggie (D:8)
  An unseen horror (Depths:1)
  A hornet (D:9)
  5 jumping spiders
  A water elemental (Shoals:4)
  2 large abominations (Depths:1)
  2 yaks (Lair:4)
  2 chaos spawn (Depths:1)
  A steam dragon (D:7)
  3 small abominations (Depths:1)
  Dowan (D:7)
  An orc wizard (D:8)
  A white imp (D:8)
  8 starspawn tentacles
  15 tentacles (Shoals:4)
63 creatures vanquished.

Grand Total: 1947 creatures vanquished

Notes
Turn   | Place    | Note
-------+----------+-------------------------------------------
     0 | D:1      | PaperRat the Spriggan Brigand began the quest for the Orb.
     0 | D:1      | Reached XP level 1. HP: 10/10 MP: 2/2
   334 | D:1      | Reached XP level 2. HP: 15/15 MP: 3/3
   568 | D:1      | Reached XP level 3. HP: 19/19 MP: 4/4
  1607 | D:2      | Reached XP level 4. HP: 16/24 MP: 5/5
  2431 | D:3      | Reached skill level 1 in Ranged Weapons
  2859 | D:3      | Reached skill level 1 in Evocations
  2935 | D:3      | Found a transporter.
  2949 | D:3      | Found a transporter.
  2955 | D:3      | Noticed an orc warrior
  2957 | D:3      | Found a burning altar of Makhleb.
  3121 | D:3      | Found an ornate altar of the Wu Jian Council.
  3121 | D:3      | Found a blossoming altar of Fedhas.
  3187 | D:3      | Noticed a black bear
  3191 | D:3      | Killed a black bear
  3192 | D:3      | Reached XP level 5. HP: 28/28 MP: 6/6
  3296 | D:3      | Found a snail-covered altar of Cheibriados.
  3404 | D:3      | Got the Grimoire of the Xenotype and Flame
  3465 | D:4      | Found a glowing silver altar of Zin.
  3500 | D:4      | Noticed a lemure
  3501 | D:4      | Noticed Pikel
  3501 | D:4      | Noticed a lemure
  3501 | D:4      | Noticed a lemure
  3714 | D:4      | Noticed an ogre
  3792 | D:4      | Reached XP level 6. HP: 33/33 MP: 7/7
  4027 | D:4      | Noticed Natasha
  4305 | D:4      | Found a staircase to the Ecumenical Temple.
  4316 | Temple   | Entered the Ecumenical Temple
  4557 | D:4      | Killed Pikel
  4558 | D:4      | Reached XP level 7. HP: 37/37 MP: 8/8
  4669 | D:4      | Killed Natasha
  4683 | D:4      | Noticed Natasha
  4717 | D:4      | Killed Natasha
  4837 | D:4      | Found a glowing silver altar of Zin.
  4954 | D:4      | Found a staircase to the Ecumenical Temple.
  5062 | D:4      | Noticed Natasha
  5076 | D:4      | Killed Natasha
  5131 | D:5      | Entered Level 5 of the Dungeon
  5167 | D:5      | Reached XP level 8. HP: 39/42 MP: 9/9
  5523 | D:6      | Found a glowing golden altar of the Shining One.
  5533 | D:6      | Found a bloodstained altar of Trog.
  5908 | D:6      | Found an ancient bone altar of Kikubaaqudgha.
  6549 | D:6      | Reached skill level 5 in Fighting
  6599 | D:6      | Reached skill level 5 in Evocations
  6812 | D:6      | Found a white marble altar of Elyvilon.
  6817 | D:6      | Became a worshipper of Elyvilon the Healer
  6989 | D:6      | Found a shimmering blue altar of Sif Muna.
  7182 | D:7      | Found a transporter.
  7246 | D:7      | Noticed a hornet
  7290 | D:7      | Noticed Koushar's ghost (novice FeTm)
  7313 | D:7      | Reached XP level 9. HP: 47/47 MP: 10/10
  7319 | D:7      | Found a transporter.
  7498 | D:7      | Noticed Prince Ribbit
  7590 | D:6      | Killed Prince Ribbit
  7621 | D:7      | Noticed Dowan
  7643 | D:7      | Noticed Duvessa
  7646 | D:7      | Your ally Dowan died
  7647 | D:7      | Duvessa changed into Duvessa the naga
  7647 | D:7      | Noticed Duvessa
  7680 | D:7      | Killed Duvessa the naga
  7919 | D:7      | Found a hazy altar of Hepliaklqana.
  7946 | D:7      | Reached * piety under Elyvilon
  8339 | D:7      | Reached skill level 1 in Invocations
  8929 | D:3      | Reached skill level 5 in Dodging
  9259 | D:7      | Identified the +7 battleaxe "Giant's Nightmare" {antimagic,
                  | Fly Dex+4}
  9574 | D:8      | Found a radiant altar of Vehumet.
  9769 | D:8      | Found a runed translucent gate.
  9769 | D:8      | Found a runed translucent gate.
  9769 | D:8      | Found a runed translucent gate.
  9773 | D:8      | Noticed Psyche
  9787 | D:8      | Noticed Chingon's ghost (novice TrBe)
  9797 | D:8      | Killed Psyche
  9891 | D:8      | Found a shadowy altar of Dithmenos.
  9920 | D:8      | Noticed Maurice
  9921 | D:8      | Maurice changed into Maurice the warg
  9921 | D:8      | Noticed Maurice
  9935 | D:8      | Killed Maurice the warg
  9936 | D:8      | Reached skill level 10 in Ranged Weapons
 10112 | D:8      | Noticed a gargoyle
 10173 | D:8      | Reached ** piety under Elyvilon
 10745 | D:8      | Killed Chingon's ghost
 10746 | D:8      | Reached skill level 5 in Invocations
 10746 | D:8      | Reached XP level 10. HP: 53/53 MP: 13/15
 11051 | D:9      | Found a sacrificial altar of Ru.
 11283 | D:8      | Noticed Maggie
 11325 | D:8      | Your ally Maggie died
 11326 | D:8      | Killed a gargoyle
 11808 | D:9      | Noticed a green ugly thing
 11809 | D:9      | Noticed a centaur warrior
 12101 | D:8      | Killed a green ugly thing
 12180 | D:9      | a centaur warrior changed into a ghost moth
 12180 | D:9      | Noticed a ghost moth
 12183 | D:9      | Pacified a ghost moth
 12534 | D:9      | Noticed a wizard
 12534 | D:9      | Noticed a centaur warrior
 12664 | D:9      | Found a staircase to the Orcish Mines.
 13105 | D:9      | Reached *** piety under Elyvilon
 13306 | D:7      | Reached XP level 11. HP: 46/58 MP: 12/17
 13337 | D:7      | Killed Koushar's ghost
 13532 | D:10     | Entered Level 10 of the Dungeon
 14429 | D:10     | Found a sparkling altar of Nemelex Xobeh.
 14430 | D:10     | Found a transporter.
 14431 | D:10     | Noticed a boulder beetle
 14675 | D:10     | Found Gufeepn's Antique Armour Shoppe.
 14690 | D:10     | Found Idoucu Petu's Jewellery Shoppe.
 14699 | D:10     | Bought a ring of protection from cold for 275 gold pieces
 14699 | D:10     | Bought a +4 ring of protection for 396 gold pieces
 14738 | D:10     | Noticed a goliath frog
 14968 | D:11     | Noticed Nergalle
 14971 | D:11     | Noticed a spectral orc warlord
 15258 | D:11     | Noticed Gastronok
 15498 | D:11     | Nergalle changed into Nergalle the lindwurm
 15498 | D:11     | Noticed Nergalle
 15508 | D:11     | Pacified Nergalle the lindwurm
 15780 | D:11     | Found a staircase to the Lair.
 15862 | Lair:1   | Entered Level 1 of the Lair of Beasts
 16944 | Lair:1   | Reached XP level 12. HP: 57/64 MP: 16/19
 17230 | Lair:2   | Reached **** piety under Elyvilon
 17598 | Lair:2   | Noticed Erica
 17609 | Lair:2   | Killed Erica
 18040 | Lair:2   | Found the +8 whip "Snakebite" {venom, curare, rPois}
 18246 | Lair:3   | Noticed a six-headed hydra
 18246 | Lair:3   | Noticed a catoblepas
 18249 | Lair:3   | Pacified a six-headed hydra
 18457 | Lair:3   | Killed a catoblepas
 18555 | Lair:3   | Reached ***** piety under Elyvilon
 18615 | Lair:3   | Found a staircase to the Shoals.
 18753 | Lair:3   | Found a hole to the Spider Nest.
 19268 | Lair:4   | Noticed a death yak
 19271 | Lair:4   | Noticed a death yak
 19273 | Lair:4   | Noticed a death yak
 19303 | Lair:3   | Killed a death yak
 19328 | Lair:4   | Noticed a four-headed hydra
 19332 | Lair:4   | Pacified a four-headed hydra
 19339 | Lair:4   | Killed a four-headed hydra
 19368 | Lair:3   | Reached XP level 13. HP: 68/68 MP: 21/21
 19431 | Lair:4   | Reached skill level 10 in Invocations
 19442 | Lair:4   | Found a dark tunnel.
 19456 | Volcano  | Entered a volcano
 19486 | Volcano  | Reached skill level 10 in Dodging
 19733 | Volcano  | Reached skill level 15 in Ranged Weapons
 19857 | Lair:4   | Found a frozen archway.
 19866 | IceCv    | Entered an ice cave
 21548 | Lair:4   | Found a viscous altar of Jiyva.
 21548 | Lair:4   | Found a staircase to the Slime Pits.
 22131 | Lair:5   | Entered Level 5 of the Lair of Beasts
 22708 | Lair:5   | Reached XP level 14. HP: 73/73 MP: 22/22
 23380 | Lair:5   | Reached ****** piety under Elyvilon
 23732 | Lair:5   | Reached skill level 10 in Stealth
 24065 | Lair:5   | Reached skill level 10 in Evocations
 24164 | Lair:5   | Learned a level 3 spell: Portal Projectile
 24172 | Lair:5   | Learned a level 5 spell: Yara's Violent Unravelling
 24175 | Lair:5   | Learned a level 2 spell: Blink
 24245 | Lair:5   | Reached skill level 1 in Translocations
 24619 | Lair:5   | Reached XP level 15. HP: 67/79 MP: 24/24
 25413 | Orc:1    | Entered Level 1 of the Orcish Mines
 25923 | Orc:1    | Found Hauffull's Antique Weapon Boutique.
 26004 | Orc:2    | Entered Level 2 of the Orcish Mines
 26498 | Orc:2    | Found Eghees's General Store.
 26498 | Orc:2    | Found Amiggyon's Weapon Emporium.
 26510 | Orc:2    | Found Ceceil's Jewellery Shoppe.
 26513 | Orc:2    | Found Vepry's Jewellery Emporium.
 26626 | Orc:2    | Found a staircase to the Elven Halls.
 27261 | Orc:2    | Bought an amulet of guardian spirit for 450 gold pieces
 27267 | Orc:2    | Bought the ring "Javvuyrch" {rElec rPois rN+ Int-4 Dex+4}
                  | for 496 gold pieces
 27270 | Orc:2    | Bought a scroll of identify for 30 gold pieces
 27323 | Orc:1    | Bought a runed arbalest for 270 gold pieces
 27427 | D:11     | Killed Gastronok
 28124 | D:12     | Noticed Sonja
 28126 | D:12     | Sonja changed into Sonja the acid dragon
 28126 | D:12     | Noticed Sonja
 28128 | D:12     | Killed Sonja the acid dragon
 28538 | D:10     | Bought a twisted robe for 171 gold pieces
 28538 | D:10     | Identified the +1 robe "Saug" {Dex+3} (You bought it in a
                  | shop on level 10 of the Dungeon)
 28765 | D:13     | Found Mekyu's Armour Shop.
 28845 | D:13     | Noticed Lodul
 28863 | D:13     | Lodul changed into Lodul the warg
 28863 | D:13     | Noticed Lodul
 28871 | D:13     | Killed Lodul the warg
 29217 | D:13     | Bought a scarf of invisibility for 168 gold pieces
 29366 | D:14     | Found a gate leading to a gauntlet.
 29375 | Gauntlet | Entered a Gauntlet
 29375 | Gauntlet | Found a transporter.
 29388 | Gauntlet | Found a transporter.
 29388 | Gauntlet | Found a transporter.
 29390 | Gauntlet | Found a transporter.
 29421 | Gauntlet | Found a transporter.
 29423 | Gauntlet | Found a transporter.
 29440 | Gauntlet | Found a transporter.
 29456 | Gauntlet | Found a transporter.
 29464 | Gauntlet | Found a transporter.
 29481 | Gauntlet | Found a transporter.
 29500 | Gauntlet | Found a transporter.
 29512 | Gauntlet | Found a transporter.
 29524 | Gauntlet | Found a transporter.
 29536 | Gauntlet | Found a transporter.
 29548 | Gauntlet | Found a transporter.
 29565 | Gauntlet | Found a transporter.
 29582 | Gauntlet | Found a transporter.
 29584 | Gauntlet | Found a transporter.
 29666 | Gauntlet | Identified the ring of Interdependent Arising {rF+ Will+
                  | Int+2 Stlth+}
 29747 | Gauntlet | Identified the ring of Ephemeral Luck {rF+ Dex+2}
 29820 | Gauntlet | Identified the +1 glaive "Wakkaimuq" {venom, rElec rPois
                  | Dex-4}
 29820 | Gauntlet | Identified the +1 crystal plate armour "Gasebba" {Slay+2}
 30101 | D:14     | Found a gate to the Vaults.
 30197 | D:14     | Reached skill level 10 in Fighting
 30605 | D:14     | Noticed a frost giant
 30651 | D:14     | Killed a frost giant
 30976 | D:15     | Entered Level 15 of the Dungeon
 30976 | D:15     | Noticed Louise
 31019 | D:14     | Killed Louise
 31447 | D:15     | Reached skill level 1 in Transmutations
 31913 | D:15     | Reached skill level 1 in Hexes
 32019 | D:15     | Found a staircase to the Depths.
 32252 | Spider:1 | Entered Level 1 of the Spider Nest
 32432 | Spider:1 | Reached XP level 16. HP: 85/85 MP: 26/26
 32457 | Spider:1 | Reached skill level 5 in Translocations
 32900 | Spider:1 | Identified the +2 rapier "Bofir" {drain, +Blink rF+ MP+9
                  | Int+2}
 34101 | Spider:2 | Reached skill level 5 in Transmutations
 34170 | Spider:2 | Noticed Arachne
 34182 | Spider:2 | Killed Arachne
 34415 | Spider:2 | Reached skill level 5 in Hexes
 34502 | Spider:2 | Noticed Asterion
 34560 | Spider:2 | Killed Asterion
 36318 | Spider:3 | Reached XP level 17. HP: 83/91 MP: 22/28
 36358 | Spider:3 | Noticed Jorgrun
 36423 | Spider:3 | Killed Jorgrun
 36431 | Spider:3 | Reached skill level 1 in Spellcasting
 37087 | Spider:4 | Entered Level 4 of the Spider Nest
 38538 | Spider:4 | Reached skill level 5 in Spellcasting
 38542 | Spider:4 | Learned a level 3 spell: Inner Flame
 38673 | Spider:4 | Identified the +1 hat of Jirakloh {rElec rF+ Int-5 SInv}
 38939 | Spider:4 | Got a gossamer rune of Zot
 39297 | Orc:2    | Bought a potion of heal wounds for 75 gold pieces
 39297 | Orc:2    | Bought a wand of flame (13) for 136 gold pieces
 39486 | Shoals:1 | Entered Level 1 of the Shoals
 39770 | Shoals:1 | Noticed Frances
 39788 | Shoals:1 | Killed Frances
 40039 | Shoals:1 | Reached skill level 15 in Dodging
 40055 | Shoals:1 | Noticed Mlioglotl
 40075 | Shoals:1 | Killed Mlioglotl
 40220 | Shoals:1 | Reached skill level 10 in Transmutations
 40859 | Shoals:2 | Reached skill level 10 in Hexes
 40950 | Shoals:2 | Reached XP level 18. HP: 98/98 MP: 29/29
 41551 | Shoals:3 | Got the Book of the Coals
 42079 | Shoals:3 | Found Diots's Jewellery Emporium.
 42082 | Shoals:3 | Noticed Polyphemus
 42091 | Shoals:3 | Killed Polyphemus
 42409 | Shoals:4 | Entered Level 4 of the Shoals
 42708 | Shoals:3 | Identified the +5 flail "Viarol" {flame, Str+4}
 43276 | Shoals:4 | Noticed Ilsuiw
 43492 | Shoals:4 | Killed Ilsuiw
 44169 | Shoals:4 | Got a barnacled rune of Zot
 45306 | Elf:1    | Entered Level 1 of the Elven Halls
 45444 | Elf:1    | Got the Vellum of the Retinue
 45555 | Elf:1    | Identified Roxanne's Quarto of Transmigration
 45555 | Elf:1    | Noticed Roxanne
 45893 | Elf:1    | Noticed Azrael
 45916 | Elf:1    | Killed Azrael
 46592 | Elf:1    | Killed Roxanne
 46744 | Elf:2    | Noticed Donald
 46757 | Elf:2    | Killed Donald
 46901 | Elf:2    | Paralysed by an air elemental for 1 turns
 46932 | Elf:2    | Reached XP level 19. HP: 85/102 MP: 10/30
 47457 | Elf:2    | Found a runed translucent gate.
 47457 | Elf:2    | Found a runed translucent gate.
 47457 | Elf:2    | Found a runed translucent gate.
 47835 | Elf:3    | Entered Level 3 of the Elven Halls
 47835 | Elf:3    | Noticed Mara
 47835 | Elf:3    | Found Happein's Distillery.
 47847 | Elf:2    | Noticed PaperRat's illusion
 47930 | Elf:2    | Killed Mara
 48468 | Elf:3    | Reached skill level 15 in Invocations
 48745 | Elf:3    | Identified the +10 mace of Scorn {heavy, Str+3 Stlth+}
 48834 | Elf:3    | Identified the ring "Ijohisess" {rPois Str+5 Int-3 Dex+6}
 49855 | Elf:3    | Identified the ring of Eternity {Drain rPois rCorr Dex+3}
 49909 | Elf:3    | Identified the +0 helmet of Ufeskas {Dex+2}
 49951 | Elf:3    | Identified the +5 long sword "Kiagafe" {heavy, Will+ Int+5
                  | Dex-3}
 50061 | Elf:3    | Got the Omnibus of Necrotic Causimancy
 50064 | Elf:3    | Identified the +8 orcbow "Axurome" {elec, MP+9 Str+6}
 50111 | Elf:3    | Identified the +9 longbow of Grontol {speed, Int+3 Dex+4
                  | SInv}
 50155 | Elf:3    | Learned a level 7 spell: Enfeeble
 50182 | Elf:3    | Bought a potion of cancellation for 120 gold pieces
 50182 | Elf:3    | Bought a potion of brilliance for 60 gold pieces
 50853 | Vaults:1 | Entered Level 1 of the Vaults
 52983 | Vaults:1 | Reached XP level 20. HP: 78/110 MP: 24/33
 53618 | Vaults:2 | Noticed Boris
 53650 | Vaults:2 | Killed Boris
 54060 | Vaults:2 | Noticed Jory
 54076 | Vaults:2 | Killed Jory
 54545 | Vaults:2 | Paralysed by a formless jellyfish for 1 turns
 56676 | Vaults:3 | Found Lavvuth's Assorted Antiques.
 56996 | Vaults:3 | Found Ikkes's Magic Scroll Boutique.
 57101 | Vaults:3 | Noticed Frederick
 57145 | Vaults:3 | Killed Frederick
 57377 | Vaults:3 | Noticed a bone dragon
 57436 | Vaults:3 | Killed a bone dragon
 57696 | Vaults:3 | Reached skill level 15 in Hexes
 57736 | Vaults:3 | Found a staircase to the Crypt.
 57857 | Vaults:3 | Noticed a dread lich
 58002 | Vaults:3 | Killed a dread lich
 58155 | Vaults:3 | Got Naeluding's Directory of the Called Brume
 58169 | Vaults:3 | Identified the +2 scale mail of the Barnacle {rF+ Will++}
 58170 | Vaults:3 | Identified the +1 chain mail of Tomorrow {rF+ Regen+ Dex-2
                  | Stlth+}
 58794 | Vaults:4 | Reached skill level 15 in Evocations
 58801 | Vaults:4 | Found Kesapn's Magic Scroll Shoppe.
 58810 | Vaults:4 | Bought a scroll of revelation for 165 gold pieces
 58810 | Vaults:4 | Bought a scroll of fog for 88 gold pieces
 58810 | Vaults:4 | Bought a scroll of enchant weapon for 165 gold pieces
 58810 | Vaults:4 | Bought a scroll of blinking for 165 gold pieces
 58810 | Vaults:4 | Bought a scroll of fog for 88 gold pieces
 58810 | Vaults:4 | Bought a scroll of enchant weapon for 165 gold pieces
 59080 | Vaults:4 | Reached XP level 21. HP: 115/115 MP: 35/35
 60295 | Orc:2    | Bought the Spellbook of Tephra for 360 gold pieces
 60295 | Orc:2    | Bought a scroll of teleportation for 45 gold pieces
 60298 | Orc:2    | Learned a level 2 spell: Passwall
 60635 | Vaults:3 | Bought 2 scrolls of enchant armour for 300 gold pieces
 60637 | Vaults:3 | Bought a scroll of teleportation for 60 gold pieces
 60800 | Depths:1 | Entered Level 1 of the Depths
 60835 | Depths:1 | Found Vioxkoisch's Armour Shoppe.
 61006 | D:15     | Reached skill level 1 in Shields
 61197 | Depths:1 | Noticed a juggernaut
 61208 | D:15     | Killed a juggernaut
 61733 | Depths:1 | Found a gateway to Hell.
 62199 | Depths:1 | Identified the +5 falchion of Nefiw {distort, Will+ Int+2}
 62274 | Depths:1 | Identified the +5 sling "Votyahog" {antimagic, *Slow rElec
                  | Str-5 Int+9}
 63229 | Depths:1 | Found a one-way gate to the infinite horrors of the Abyss.
 63384 | Depths:1 | Reached skill level 5 in Shields
 63420 | Depths:1 | Found a broken altar of Ashenzari.
 64523 | Depths:2 | Found a one-way gate leading to the halls of Pandemonium.
 64844 | Depths:2 | Noticed Boris
 64916 | Depths:2 | Killed Boris
 65171 | Depths:2 | Reached XP level 22. HP: 114/120 MP: 32/36
 65306 | Depths:2 | Noticed Puodgh's ghost (adept MfGl)
 65310 | Depths:2 | Found a runed translucent door.
 65965 | Depths:2 | Killed Puodgh's ghost
 66001 | Depths:2 | Reached XP level 23. HP: 125/125 MP: 37/37
 66690 | Depths:3 | Learned a level 6 spell: Dispersal
 67002 | Depths:3 | You fall into a shaft and drop 1 floor!
 67002 | Depths:4 | Entered Level 4 of the Depths
 67365 | Depths:3 | Found a runed translucent gate.
 67365 | Depths:3 | Found a runed translucent gate.
 67365 | Depths:3 | Found a runed translucent gate.
 67365 | Depths:3 | Noticed Qemnul's ghost (veteran MfIE)
 67861 | Depths:3 | Killed Qemnul's ghost
 68096 | Depths:3 | Identified the +3 cloak "Dopniapi" {Str+4}
 68224 | Depths:4 | Noticed Boris
 68256 | Depths:4 | Killed Boris
 68693 | Depths:4 | Reached skill level 10 in Translocations
 69213 | Depths:4 | Found a shimmering altar of Xom.
 69218 | Depths:4 | Found a shimmering altar of Xom.
 69220 | Depths:4 | Found a shimmering altar of Xom.
 69234 | Depths:4 | Found a gate to the Realm of Zot.
 69577 | Depths:4 | Found a one-way gateway to a ziggurat.
 70004 | Depths:4 | Noticed a caustic shrike
 70004 | Depths:4 | Noticed a caustic shrike
 70004 | Depths:4 | Noticed a caustic shrike
 70004 | Depths:4 | Noticed a caustic shrike
 70006 | Depths:4 | Pacified a caustic shrike
 70009 | Depths:4 | Killed a caustic shrike
 70010 | Depths:4 | Pacified a caustic shrike
 70016 | Depths:4 | Killed a caustic shrike
 70017 | Depths:4 | Pacified a caustic shrike
 70017 | Depths:4 | Killed a caustic shrike
 70488 | Vaults:3 | Bought a potion of magic for 256 gold pieces
 70488 | Vaults:3 | Bought a shiny diamond ring for 160 gold pieces
 70727 | Depths:1 | Voluntarily entered the Abyss.
 70917 | Abyss:3  | Found a corrupted altar of Lugonu.
 70962 | Abyss:3  | Found a corrupted altar of Lugonu.
 70979 | Abyss:3  | Found a corrupted altar of Lugonu.
 71280 | Abyss:3  | Found a transporter.
 71295 | Abyss:3  | Found a transporter.
 71300 | Abyss:3  | Got an abyssal rune of Zot
 71425 | Depths:1 | Escaped the Abyss
 71634 | Crypt:1  | Entered Level 1 of the Crypt
 72102 | Zot:1    | Entered Level 1 of the Realm of Zot
 72121 | Zot:1    | You fall into a shaft and drop 1 floor!
 73362 | Zot:1    | Reached XP level 24. HP: 105/130 MP: 22/37
 74983 | Depths:4 | Found a one-way gateway to a ziggurat.
 75101 | Depths:4 | Reached skill level 15 in Translocations
 75654 | Zot:2    | Found Exelus's Changing Room.
 75663 | Zot:2    | Bought a wand of polymorph (6) for 142 gold pieces
 75663 | Zot:2    | Bought a potion of mutation for 136 gold pieces
 75663 | Zot:2    | Bought a potion of mutation for 136 gold pieces
 75663 | Zot:2    | Bought a potion of mutation for 136 gold pieces
 75663 | Zot:2    | Bought a book of Transfigurations for 680 gold pieces
 75669 | Zot:2    | Learned a level 5 spell: Irradiate
 75714 | Zot:2    | Identified the scarf of Insecurity {harm, Regen+}
 76817 | Zot:2    | Noticed an ancient lich
 76854 | Zot:2    | Killed an ancient lich
 77026 | Zot:2    | Noticed an ancient lich
 77073 | Zot:2    | Killed an ancient lich
 77630 | Zot:2    | Identified the +4 mace "Niybus Gixo" {vamp, rF+}
 77647 | Zot:2    | Noticed an ancient lich
 77745 | Zot:2    | Reached skill level 15 in Fighting
 77971 | Zot:2    | Killed an ancient lich
 78728 | Zot:2    | Found Exelus's Changing Room.
 79597 | Zot:3    | Noticed an orb of fire
 79617 | Zot:2    | Gained mutation: You have large cloven feet. [an orb of
                  | fire]
 79623 | Zot:2    | Killed an orb of fire
 82458 | Zot:5    | Entered Level 5 of the Realm of Zot
 83029 | Zot:5    | Reached XP level 25. HP: 137/137 MP: 36/38
 83746 | Zot:5    | Noticed an orb of fire
 83794 | Zot:5    | Gained mutation: Your magical capacity is low. (-10% MP)
                  | [an orb of fire]
 83795 | Zot:5    | Gained mutation: You occasionally lose the ability to drink
                  | potions when taking damage. [an orb of fire]
 83807 | Zot:4    | Killed an orb of fire
 83841 | Zot:4    | Lost mutation: You have large cloven feet. [potion of
                  | mutation]
 83841 | Zot:4    | Lost mutation: Your magical capacity is low. (-10% MP)
                  | [potion of mutation]
 83841 | Zot:4    | Gained mutation: You possess an exceptional clarity of
                  | mind. [potion of mutation]
 83841 | Zot:4    | Gained mutation: You have sharp toenails. [potion of
                  | mutation]
 84475 | Zot:5    | Noticed an ancient lich
 84525 | Zot:5    | Killed an ancient lich
 84644 | Zot:5    | Noticed a dread lich
 84645 | Zot:5    | Noticed an ancient lich
 84658 | Zot:5    | Killed a dread lich
 84662 | Zot:5    | Noticed a Killer Klown
 84682 | Zot:5    | Killed a Killer Klown
 84724 | Zot:5    | Noticed a dread lich
 84740 | Zot:5    | Killed a dread lich
 84741 | Zot:5    | Reached skill level 1 in Conjurations
 84822 | Zot:5    | Noticed an orb of fire
 84861 | Zot:5    | Gained mutation: You occasionally lose the ability to read
                  | scrolls when taking damage. [an orb of fire]
 84877 | Zot:5    | Killed an ancient lich
 84879 | Zot:5    | Killed an orb of fire
 84881 | Zot:5    | Lost mutation: You have sharp toenails. [potion of
                  | mutation]
 84881 | Zot:5    | Lost mutation: You occasionally lose the ability to drink
                  | potions when taking damage. [potion of mutation]
 84881 | Zot:5    | Lost mutation: You possess an exceptional clarity of mind.
                  | [potion of mutation]
 84881 | Zot:5    | Gained mutation: You possess an exceptional clarity of
                  | mind. [potion of mutation]
 84881 | Zot:5    | Gained mutation: You expend magic power (3 MP) to
                  | strengthen your wands. [potion of mutation]
 84881 | Zot:5    | Gained mutation: You passively map a small area around you.
                  | [potion of mutation]
 84882 | Zot:5    | Lost mutation: You expend magic power (3 MP) to strengthen
                  | your wands. [potion of mutation]
 84882 | Zot:5    | Lost mutation: You possess an exceptional clarity of mind.
                  | [potion of mutation]
 84882 | Zot:5    | Lost mutation: You occasionally lose the ability to read
                  | scrolls when taking damage. [potion of mutation]
 84882 | Zot:5    | Gained mutation: You are weak. (Str -2) [potion of
                  | mutation]
 84882 | Zot:5    | Gained mutation: You are robust. (+10% HP) [potion of
                  | mutation]
 85858 | Zot:5    | Got the Orb of Zot
 86476 | D:$      | Escaped with the Orb!

Illustrated notes

Levels and vault maps discovered:
D:1:      giann_forest_graveyard, layout_loops_corners, st_stairs_5,
          minmay_tromino_mix6
D:2:      layout_loops_corners, minmay_misc_feat_roman, st_stairs_13,
          hangedman_decor_slide_cut, chequers_garden
D:3:      layout_loops_ring, gammafunk_temple_overflow_arena,
          gammafunk_temple_overflow_wave, chei_slow_surprise,
          minmay_misc_feat_x, kennysheep_nondescript
D:4:      layout_rooms, overflow_temple_1_default, temple_hall, sigmund_army,
          uniq_natasha, uniq_pikel
D:5:      layout_rooms
D:6:      layout_loops_ring, kiku_gazebo_garden_becter, led_sif_book,
          nicolae_elyvilon_peaceful_grove, nicolae_overflow_squiral,
          serial_bayou_lagoon_b
D:7:      layout_gridville, lemuel_doored_altar, gammafunk_ghost_hive,
          worms_lemuel, uniq_duvessa, uniq_prince_ribbit1
D:8:      layout_gridville, general_overflow_altar, nicolae_vehumet_radiance,
          gammafunk_ghost_icy, uniq_maggie, uniq_psyche, uniq_maurice
D:9:      minmay_tri_box, layout_basic, nicolae_ru_awakened_eye, david_orc_3
D:10:     layout_rooms, grunt_nemelex_the_gamble, serial_shops,
          nicolae_shop_just_a_little_nook, shop, st_stairs_8,
          lemuel_flame_loot_1
D:11:     layout_cave_pools, david_lair_shrubbed, uniq_gastronok, uniq_nergalle
D:12:     layout_roguey, uniq_sonja
D:13:     layout_rooms, serial_shops, shop, uniq_lodul
D:14:     layout_irregular_city, erik_vaults_1, gauntlet_entry_generic,
          grunt_ministairs_9, kennysheep_just_a_vault
D:15:     grunt_enter_depths_magical_seal, layout_loops_ring,
          nicolae_concentric_dashed_squares_mild, uniq_louise
Temple:   nicolae_temple_great_sept
Lair:1:   layout_misc_corridors
Lair:2:   minmay_guarded_unrand_snakebite, layout_regular_city,
          lemuel_fruit_tree, uniq_erica
Lair:3:   layout_regular_city, minmay_shoals_entry_beasts,
          nicolae_spider_entry_non_spiders, grunt_megastairs_2
Lair:4:   layout_regular_city, dpeg_slime_entry_enclosed,
          portal_ice_cave_entry_pillars_1, nicolae_volcano_entry_batcave
Lair:5:   hangedman_lair_caniforms_friends, layout_cave_pods,
          hangedman_lair_tendril_chambers
Shoals:1: layout_shoals, nicolae_shoals_so_close, uniq_mlioglotl, uniq_frances
Shoals:2: layout_shoals
Shoals:3: layout_shoals, serial_shops, shop, uniq_polyphemus
Shoals:4: shoals_end_hangedman, layout_shoals, shoals_ilsuiw_ice,
          nicolae_shoals_arrival_archipelago
Spider:1: layout_chambers, nicolae_spider_shape,
          hangedman_spider_tarantella_strand
Spider:2: layout_spider_delve, uniq_arachne, uniq_asterion
Spider:3: layout_cave_pods, nicolae_spider_not_touching_you, uniq_jorgrun
Spider:4: guppyfry_spider_rune
Orc:1:    layout_diamond_mine, serial_shops, shop, nicolae_orc_pool_cavern
Orc:2:    st_orc_mages, layout_caves
Elf:1:    layout_geoelf_diagonals, serial_glass, glass_columns_c,
          glass_columns_b, glass_columns_a, glass_columns_a,
          minmay_elf_demonology, uniq_roxanne, uniq_azrael
Elf:2:    nicolae_elf_blades_splatter_lattice [nooodl_blade_entry_preview],
          layout_onion_city, hangedman_elf_targetted_burst, minivault_20,
          amcnicky_mini_rare_corridor_liquid, uniq_donald
Elf:3:    grunt_elf_hall_asides, layout_rooms, serial_shops, shop,
          corner_web_ring, uniq_mara
Vaults:1: nicolae_vaults_little_squares_5, nicolae_vaults_doubleplus_tesselated,
          grunt_vaults_trifunnel, v_misc_26, nicolae_vaults_big_ls,
          nicolae_vaults_little_squares_5, v_misc_33,
          nicolae_vaults_apartment_1, vaults_dpeg_hooks,
          nicolae_vaults_tetromino_Z_2, layout_vaults_chaotic_city
Vaults:2: v_misc_27, nicolae_vaults_theta, hangedman_vaults_stitches, v_misc_29,
          v_misc_28, nicolae_vaults_alarming, hangedman_vaults_capsules,
          nicolae_vaults_circle_grid_a, nicolae_vaults_trapezoid_lopsided_4,
          vaults_mumra_lcd, layout_vaults_maze, uniq_boris, uniq_jory
Vaults:3: nicolae_vaults_closet_pinwheel_5, minmay_crypt_entry_nasty_monster,
          nicolae_vaults_wine_cellar, v_misc_19, nicolae_vaults_network_quincunx
          [nicolae_vaults_network_quincunx_subvault,
          nicolae_vaults_network_quincunx_subvault,
          nicolae_vaults_network_quincunx_subvault,
          nicolae_vaults_network_quincunx_subvault,
          nicolae_vaults_network_quincunx_subvault],
          nicolae_vaults_bisected_inception, vaults_mumra_hex,
          nicolae_vaults_you_can_take_it_with_you, dpeg_vaults_monster_box,
          nicolae_vaults_weapon_check, layout_vaults_omnigrid, serial_shops,
          nicolae_shop_crystal, nicolae_shop_temple_entry_statues_fountains,
          uniq_frederick
Vaults:4: hangedman_vaults_variations, v_misc_14, v_rooms_3, v_misc_8,
          nicolae_vaults_statue_guard, v_misc_9, nicolae_vaults_tetromino_T_1,
          nicolae_vaults_storage_closets_3, nicolae_vaults_storage_room_doors,
          nicolae_vaults_diagonal_hallway_6, nicolae_vaults_surprise_closet,
          layout_vaults_omnicross, serial_shops, shop_scrolls
Crypt:1:  layout_regular_city, gammafunk_ghost_abyssal_escape
Depths:1: minmay_the_grid_4x2 [minmay_the_grid_dragon_a, minmay_the_grid_eight,
          minmay_the_grid_empty, minmay_the_grid_paths, minmay_the_grid_box_x,
          minmay_the_grid_slots, minmay_the_grid_doors,
          minmay_the_grid_prize_trominoes], layout_honeycomb, hell_entry,
          serial_shops, shop, minmay_room_of_horrors, minmay_misc_feat_alley,
          evilmike_ruin_ashenzari
Depths:2: nicolae_cairo_tiling, layout_cave_pools, kennysheep_another_room,
          hellmonk_ghost_happy_afterlife, rand_demon_pan_entry_3,
          pf_hell_entry_tar_river, nicolae_keep_em_comin
Depths:3: dreamdust_merry_men, layout_basic, biasface_ghost_demon_polymorph,
          hangedman_abyss_entry_splay, hell_entry, minmay_holes,
          minmay_misc_feat_five, infiniplex_staircase_star
Depths:4: grunt_zot_entry_pinwheel, layout_gridville, ziggurat_fallback,
          xom_redecorated, hangedman_geh_valley
Zot:1:    layout_gridlike
Zot:2:    grunt_deathspiral_small, layout_concentric_octagons,
          nicolae_transmutations_shop
Zot:3:    layout_cathedral_of_symmetry, st_single_dragon_hoard_3
Zot:4:    layout_cellular_growth
Zot:5:    layout_twisted_circle, hangedman_zot_decor_tridents,
          grunt_ministairs_12, drop_trap

Skill      XL: |  1  2  3  4  5  6  7  8  9 10 11 12 13 14 15 16 17 18 19 20 21 22 23 24 25 |
---------------+----------------------------------------------------------------------------+-----
Dodging        | 2 3 4 5 6 9 10 11 13 14 15 17 18 20 | 20.0
Fighting       | 2 3 4 5 6 8 9 10 11 12 13 14 15 16 | 16.3
Ranged Weapons | 2 3 7 8 10 13 14 17 18 | 18.0
Evocations     | 2 5 6 7 8 10 12 14 15 16 18 19 | 19.4
Invocations    | 5 7 8 9 10 11 12 13 14 16 18 20 | 20.2
Stealth        | 8 10 11 12 | 12.0
Translocations | 2 4 8 14 15 16 | 16.0
Transmutations | 2 7 10 12 13 | 13.2
Hexes          | 2 7 10 12 15 18 20 | 20.0
Spellcasting   | 5 7 8 |  8.0
Shields        | 5 6 |  6.0
Conjurations   | 3 |  3.1
Short Blades   | |  2.1
Throwing       | |  2.0

Action                     |  1- 3 |  4- 6 |  7- 9 | 10-12 | 13-15 | 16-18 | 19-21 | 22-24 | 25-27 || total
---------------------------+-------+-------+-------+-------+-------+-------+-------+-------+-------++-------
  Melee: Dagger            |   123 |   103 |    18 |       |       |       |       |       |       ||   244
         Punch             |       |     1 |       |       |       |       |       |       |       ||     1
   Fire: Sling             |       |   105 |   657 |    76 |       |       |       |       |       ||   838
         Orcbow            |       |       |       |    94 |       |       |  1105 |       |       ||  1199
         Arbalest          |       |       |       |   575 |  1509 |  1700 |   297 |       |       ||  4081
         Hand crossbow     |       |       |       |       |       |       |   665 |  1696 |   278 ||  2639
  Throw: Stone             |    12 |       |       |       |       |       |       |       |       ||    12
         Dart              |    12 |    47 |    56 |    22 |     8 |    21 |    12 |     7 |     3 ||   188
         Throwing net      |       |       |       |       |       |     1 |     7 |     1 |       ||     9
   Cast: Portal Projectile |       |       |       |       |       |    17 |    20 |    16 |     7 ||    60
         Yara's Violent Un |       |       |       |       |       |    34 |    52 |    53 |    16 ||   155
         Inner Flame       |       |       |       |       |       |     2 |     1 |     1 |       ||     4
         Blink             |       |       |       |       |       |       |     2 |     1 |       ||     3
         Enfeeble          |       |       |       |       |       |       |     6 |   100 |    35 ||   141
         Passwall          |       |       |       |       |       |       |       |       |     1 ||     1
 Invoke: Heal Other        |       |       |       |    13 |     5 |    28 |     8 |    11 |     6 ||    71
         Heal Self         |       |       |       |       |     2 |     3 |     2 |     1 |     4 ||    12
         Purification      |       |       |       |       |     2 |     7 |       |     4 |       ||    13
         Divine Vigour     |       |       |       |       |       |       |       |       |     1 ||     1
Ability: Evoke Invisibilit |       |       |       |       |     2 |     2 |       |       |       ||     4
  Evoke: Wand              |       |     2 |    21 |    17 |    17 |    63 |     5 |    15 |    18 ||   158
         Phantom mirror    |       |       |       |       |     2 |     2 |     1 |       |       ||     5
         Tin of tremorston |       |       |       |       |     1 |     2 |     1 |       |       ||     4
         Lightning rod     |       |       |       |       |       |     9 |       |    10 |       ||    19
    Use: Scroll            |     1 |     4 |     6 |    14 |    12 |     7 |     9 |    17 |     4 ||    74
         Potion            |       |     1 |     2 |     4 |     2 |     4 |     1 |     7 |     7 ||    28
   Stab: Sleeping          |    18 |     7 |     3 |       |       |       |       |       |       ||    28
         Confused          |       |       |     2 |       |       |       |       |       |       ||     2
 Armour: Robe              |    20 |    16 |     3 |       |     3 |    70 |    22 |    19 |       ||   153
         Steam dragon scal |       |       |     6 |    73 |    67 |    25 |       |    38 |    26 ||   235
         Skin              |       |       |       |       |       |       |       |    57 |       ||    57
  Dodge: Dodged            |    62 |    74 |   108 |   409 |   579 |   963 |   716 |   904 |   148 ||  3963
  Block: Reflection        |       |       |       |       |       |       |     4 |       |       ||     4
         Buckler           |       |       |       |       |       |       |   132 |   341 |    72 ||   545

Table legend: (Time is in decaauts)
 A = Elapsed time spent in this place.
 B = Non-inter-level travel time spent in this place.
 C = Inter-level travel time spent in this place.
 D = Time resting spent in this place.
 E = Time spent auto-exploring this place.
 F = Levels seen in this place.
 G = Mean time per level.
                   A        B        C        D        E       F      G
               +--------+--------+--------+--------+--------+-----+--------+
         Total |  65417 |  59531 |   5886 |  14737 |  19820 |  54 | 1211.4 |
       Dungeon |  16048 |  13620 |   2428 |   2502 |   3870 |  15 | 1069.9 |
        Temple |     36 |     36 |      0 |      0 |      0 |   1 |   36.0 |
          Lair |   5986 |   5336 |    650 |    775 |   1798 |   5 | 1197.2 |
        Shoals |   4811 |   4505 |    306 |   1668 |   1213 |   4 | 1202.8 |
   Spider Nest |   5244 |   4945 |    299 |    968 |   1917 |   4 | 1311.0 |
  Orcish Mines |   1571 |   1225 |    346 |    190 |    540 |   2 |  785.5 |
   Elven Halls |   4117 |   3909 |    208 |    784 |   1999 |   3 | 1372.3 |
        Vaults |   7054 |   6247 |    807 |   1151 |   2997 |   4 | 1763.5 |
         Crypt |      9 |      9 |      0 |      0 |      0 |   1 |    9.0 |
        Depths |   8757 |   8291 |    466 |   2952 |   2703 |   4 | 2189.2 |
           Zot |   9760 |   9388 |    372 |   3416 |   2724 |   5 | 1952.0 |
         Abyss |    486 |    486 |      0 |      0 |      0 |   3 |  162.0 |
      Ice Cave |    799 |    799 |      0 |    195 |      0 |   1 |  799.0 |
       Volcano |    223 |    223 |      0 |      2 |      0 |   1 |  223.0 |
      Gauntlet |    509 |    509 |      0 |    130 |     55 |   1 |  509.0 |
               +--------+--------+--------+--------+--------+-----+--------+

Top non-repeatable levels by time:
   Zot:2: 3140 daAuts
Depths:4: 2930 daAuts
   Zot:5: 2568 daAuts
Vaults:3: 2307 daAuts
  Lair:5: 2174 daAuts
Vaults:1: 2160 daAuts
Depths:2: 2104 daAuts
Depths:1: 1973 daAuts
     D:9: 1910 daAuts
Shoals:3: 1809 daAuts
Depths:3: 1749 daAuts
   Zot:1: 1708 daAuts
     D:7: 1658 daAuts
Spider:2: 1612 daAuts
   Elf:2: 1594 daAuts
